River Rats vs Carnivores
Created - 12 février 2013 at 19:00
Goals
|
| River Rats |
1 |
2 |
3 |
0 |
0 |
6 |
| Carnivores |
0 |
3 |
3 |
0 |
1 |
7 |
|
Shots
|
| River Rats |
11 |
14 |
15 |
3 |
3 |
43 |
| Carnivores |
4 |
13 |
20 |
0 |
2 |
37 |
|
1st period
1. River Rats , Lee Stempniak 16 (Dustin Boyd) at 14:28
Penalties :
Josh Meyers (Alb) for Interference (Minor) at 16:40
2nd period
2. River Rats , Lee Stempniak 17 (Dustin Boyd) at 4:57
3. Carnivores , Richard Park 13 (Blake Geoffrion, Steve Mason) at 8:34
4. River Rats , Trent Hunter 6 (Andrej Meszaros, Benn Ferriero) at 10:20
5. Carnivores , Andy Miele 12 (Matt Cullen, Jeff Tambellini) at 10:46
6. Carnivores , Mikael Backlund 4 (Jeff Friesen, Phil Oreskovic) at 18:23
Penalties :
Benn Ferriero (Alb) for Hooking (Minor) at 0:52, Mikael Backlund (Bre) for Interference (Minor) at 12:35, Tyler Bozak (Alb) for Hooking (Minor) at 12:35, Jordie Benn (Bre) for Hooking (Minor) at 19:10, Jonathan Ericsson (Alb) for Hooking (Minor) at 19:10
3rd period
7. River Rats , Mikael Renberg 11 (Brett Maclean, Tyler Bozak) at 1:42
8. River Rats , Mikael Renberg 12 (Tyler Bozak, Martin Grenier) at 2:18
9. Carnivores , Blake Geoffrion 3 (Richard Park, Manny Malhotra) at 8:58
10. Carnivores , Manny Malhotra 5 (Richard Park, Josef Melichar) at 12:04
11. Carnivores , Matt Cullen 23 (Andy Miele, Jeff Tambellini) at 12:12
12. River Rats , Martin Grenier 6 (Mikael Renberg) at 15:36 (PP)
Penalties :
Alexei Zhitnik (Bre) for Interference (Minor) at 15:01
Overtime #1
No Goal
Penalties :
No Penalty
Shootout
Penalty Shot by Lee Stempniak for River Rats - Stopped by Steve Mason
Penalty Shot by Matt Cullen for Carnivores - Stopped by Barry Brust
Penalty Shot by Mikael Renberg for River Rats - Stopped by Steve Mason
Penalty Shot by Jeff Tambellini for Carnivores - Goal!
Penalty Shot by Dustin Boyd for River Rats - Shot Misses the Net
Penalties :
No Penalty
Goalie Stats
Barry Brust (Alb), 31 saves from 37 shots - (0,838), OTL, 3-1-1, 65:00 minutes
Steve Mason (Bre), 37 saves from 43 shots - (0,860), W, 4-3-1, 65:00 minutes
Players Stats for River Rats
Player Name G A P +/- PIM S H SB GA TA FO MP PP MP PK MP
------------------------------------------------------------------------------------
Andrej Meszaros 0 1 1 0 0 6 1 2 0 1 0/0 28:27 0:25 1:28
Benn Ferriero 0 1 1 1 2 0 1 0 0 1 0/8 11:26 0:00 0:00
Brett Maclean 0 1 1 -1 0 1 2 0 2 0 0/0 15:19 0:16 0:00
Bryan Bickell 0 0 0 0 0 2 2 0 1 0 3/4 9:31 0:00 0:49
Bryan Rodney 0 0 0 -2 0 2 0 0 0 0 0/0 15:33 0:00 0:00
Chris Mcallister 0 0 0 -1 0 0 5 0 0 0 0/1 24:16 0:19 1:02
Dustin Boyd 0 2 2 -1 0 8 2 0 0 1 19/38 24:19 0:19 1:05
Jay Beagle 0 0 0 0 0 3 0 0 0 1 0/0 6:39 0:00 0:00
Jesse Joensuu 0 0 0 1 0 1 1 0 0 0 0/1 11:26 0:00 0:00
Jonathan Ericsson 0 0 0 1 2 2 3 1 1 2 0/0 23:40 0:25 2:30
Josh Meyers 0 0 0 -1 2 1 2 1 0 1 0/0 12:20 0:00 0:00
Kyle Chipchura 0 0 0 0 0 2 0 1 0 0 2/5 8:40 0:00 2:01
Lee Stempniak 2 0 2 -1 0 5 3 0 0 0 2/3 24:28 0:19 0:59
Martin Grenier 1 1 2 0 0 2 2 3 1 0 0/0 26:12 0:10 1:28
Mikael Renberg 2 1 3 -1 0 3 3 1 1 0 0/0 16:24 0:16 2:00
Niklas Hjalmarsson 0 0 0 0 0 0 0 2 0 0 0/0 24:48 0:10 2:30
Trent Hunter 1 0 1 1 0 3 2 0 0 0 0/0 11:26 0:00 0:00
Tyler Bozak 0 2 2 -1 2 2 0 0 0 1 8/15 17:06 0:16 0:00
Players Stats for Carnivores
Player Name G A P +/- PIM S H SB GA TA FO MP PP MP PK MP
------------------------------------------------------------------------------------
Alexei Zhitnik 0 0 0 -2 2 3 2 0 1 3 0/0 24:49 1:51 0:00
Andy Miele 1 1 2 1 0 6 4 0 2 0 1/2 23:50 2:10 0:00
Blake Geoffrion 1 1 2 2 0 1 2 0 0 0 0/0 13:33 1:48 0:00
Cal O'Reilly 0 0 0 -1 0 0 0 0 0 0 2/2 7:43 0:00 0:00
David Van Der Gulik 0 0 0 -1 0 2 1 2 0 0 0/0 7:28 0:00 0:00
Evgeny Dadonov 0 0 0 -1 0 4 1 0 0 0 1/1 20:21 1:48 0:00
Jeff Friesen 0 1 1 -1 0 4 0 0 1 0 0/0 14:40 0:00 0:00
Jeff Tambellini 0 2 2 1 0 3 2 0 0 0 0/3 21:21 2:10 0:17
Jordie Benn 0 0 0 -3 2 0 0 2 0 1 0/0 15:56 0:00 0:00
Josef Melichar 0 1 1 3 0 0 0 2 2 0 0/0 17:51 1:51 0:00
Keith Aulie 0 0 0 0 0 1 2 2 0 0 0/0 27:25 2:07 0:00
Manny Malhotra 1 1 2 2 0 2 1 0 0 0 6/9 12:01 0:00 0:17
Matt Cullen 1 1 2 1 0 5 1 1 0 0 18/37 24:22 2:10 0:18
Mikael Backlund 1 0 1 -1 2 1 0 0 1 1 12/20 19:06 1:48 0:00
Phil Oreskovic 0 1 1 3 0 1 0 2 0 0 0/0 12:45 0:00 0:35
Richard Park 1 2 3 2 0 2 1 0 0 0 0/0 13:31 0:00 0:18
Ryan Mcdonagh 0 0 0 1 0 1 2 5 1 1 0/0 31:14 2:07 0:35
Tim Conboy 0 0 0 -1 0 1 0 0 0 0 1/1 7:28 0:00 0:00
3 Stars
1 - Mikael Renberg (Alb)
2 - Richard Park (Bre)
3 - Blake Geoffrion (Bre)
Power Play
River Rats - 1 on 1 Attempt(s) - 100,00%
Carnivores - 0 on 2 Attempt(s) - 0,00%
Penalty Kill
River Rats - 2 on 2 Attempt(s) - 100,00%
- Score 0 goal in Penalty Kill
Carnivores - 0 on 1 Attempt(s) - 0,00%
- Score 0 goal in Penalty Kill
Official
Referees : Pochmara Brian and Sutherland Kelly
Linesman : Derek Nansen and Scott Driscoll
Game Notes
No Game Note
River Rats
5 vs 5 Forward
Center Left Wing Right Wing Time % Phy DF OF
1 Dustin Boyd Chris Mcallister Lee Stempniak 40 1 2 2
2 Tyler Bozak Brett Maclean Mikael Renberg 30 1 2 2
3 Benn Ferriero Jesse Joensuu Trent Hunter 20 1 2 2
4 Kyle Chipchura Bryan Bickell Jay Beagle 10 1 2 2
5 vs 5 Defense
Defense Defense Time % Phy DF OF
1 Andrej Meszaros Martin Grenier 40 1 2 2
2 Jonathan Ericsson Niklas Hjalmarsson 30 1 2 2
3 Josh Meyers Bryan Rodney 20 1 2 2
4 Niklas Hjalmarsson Bryan Rodney 10 1 2 2
PowerPlay Forward
Center Left Wing Right Wing Time % Phy DF OF
1 Dustin Boyd Chris Mcallister Lee Stempniak 60 1 2 2
2 Tyler Bozak Brett Maclean Mikael Renberg 40 1 2 2
PowerPlay Defense
Defense Defense Time % Phy DF OF
1 Andrej Meszaros Jonathan Ericsson 60 1 2 2
2 Niklas Hjalmarsson Martin Grenier 40 1 2 2
Penalty Kill 4 Players Forward
Center Wing Time % Phy DF OF
1 Kyle Chipchura Mikael Renberg 60 1 2 2
2 Dustin Boyd Chris Mcallister 40 1 2 2
Penalty Kill 4 Players Defense
Defense Defense Time % Phy DF OF
1 Jonathan Ericsson Niklas Hjalmarsson 60 1 2 2
2 Andrej Meszaros Martin Grenier 40 1 2 2
Penalty Kill - 3 Players Forward
Forward Time % Phy DF OF
1 Kyle Chipchura 60 1 2 2
2 Mikael Renberg 40 1 2 2
Penalty Kill - 3 Players Defense
Defense Defense Time % Phy DF OF
1 Martin Grenier Niklas Hjalmarsson 60 1 2 2
2 Andrej Meszaros Jonathan Ericsson 40 1 2 2
4 vs 4 Forward
Center Wing Time % Phy DF OF
1 Tyler Bozak Lee Stempniak 60 1 2 2
2 Dustin Boyd Chris Mcallister 40 1 2 2
4 vs 4 Defense
Defense Defense Time % Phy DF OF
1 Andrej Meszaros Jonathan Ericsson 60 1 2 2
2 Niklas Hjalmarsson Martin Grenier 40 1 2 2
Last Minutes Offensive
Center Left Wing Right Wing Defense Defense
Dustin Boyd Chris Mcallister Lee Stempniak Andrej Meszaros Martin Grenier
Last Minutes Defensive
Center Left Wing Right Wing Defense Defense
Dustin Boyd Chris Mcallister Lee Stempniak Andrej Meszaros Martin Grenier
Goaltenders
Starting : Barry Brust
Backup : Jeff Glass
Extra Forwards
Normal : Bryan Bickell, Brett Maclean, Mikael Renberg - PP : Bryan Bickell, Brett Maclean - PK : Lee Stempniak
Extra Defensemen
Normal : Martin Grenier, Josh Meyers, Andrej Meszaros - PP : Bryan Rodney - PK : Josh Meyers, Andrej Meszaros
Penalty Shots
Lee Stempniak, Mikael Renberg, Dustin Boyd, Chris Mcallister, Benn Ferriero
Carnivores
5 vs 5 Forward
Center Left Wing Right Wing Time % Phy DF OF
1 Matt Cullen Jeff Tambellini Andy Miele 40 1 1 3
2 Mikael Backlund Jeff Friesen Evgeny Dadonov 30 1 1 3
3 Manny Malhotra Blake Geoffrion Richard Park 20 1 2 2
4 Cal O'Reilly Tim Conboy David Van Der Gulik 10 0 2 3
5 vs 5 Defense
Defense Defense Time % Phy DF OF
1 Ryan Mcdonagh Keith Aulie 40 1 2 2
2 Jordie Benn Alexei Zhitnik 30 1 2 2
3 Josef Melichar Phil Oreskovic 20 1 2 2
4 Alexei Zhitnik Ryan Mcdonagh 10 1 2 2
PowerPlay Forward
Center Left Wing Right Wing Time % Phy DF OF
1 Matt Cullen Jeff Tambellini Andy Miele 60 0 1 4
2 Mikael Backlund Blake Geoffrion Evgeny Dadonov 40 0 1 4
PowerPlay Defense
Defense Defense Time % Phy DF OF
1 Ryan Mcdonagh Keith Aulie 60 0 2 3
2 Josef Melichar Alexei Zhitnik 40 0 2 3
Penalty Kill 4 Players Forward
Center Wing Time % Phy DF OF
1 Matt Cullen Richard Park 50 1 3 1
2 Manny Malhotra Jeff Tambellini 50 1 3 1
Penalty Kill 4 Players Defense
Defense Defense Time % Phy DF OF
1 Ryan Mcdonagh Alexei Zhitnik 50 1 3 1
2 Keith Aulie Josef Melichar 50 1 3 1
Penalty Kill - 3 Players Forward
Forward Time % Phy DF OF
1 Matt Cullen 50 1 3 1
2 Richard Park 50 1 3 1
Penalty Kill - 3 Players Defense
Defense Defense Time % Phy DF OF
1 Ryan Mcdonagh Alexei Zhitnik 50 1 3 1
2 Keith Aulie Josef Melichar 50 1 3 1
4 vs 4 Forward
Center Wing Time % Phy DF OF
1 Matt Cullen Evgeny Dadonov 50 1 1 3
2 Mikael Backlund Andy Miele 50 1 1 3
4 vs 4 Defense
Defense Defense Time % Phy DF OF
1 Ryan Mcdonagh Keith Aulie 50 1 2 2
2 Alexei Zhitnik Josef Melichar 50 1 2 2
Last Minutes Offensive
Center Left Wing Right Wing Defense Defense
Matt Cullen Jeff Tambellini Andy Miele Ryan Mcdonagh Alexei Zhitnik
Last Minutes Defensive
Center Left Wing Right Wing Defense Defense
Matt Cullen Jeff Tambellini Andy Miele Ryan Mcdonagh Keith Aulie
Goaltenders
Starting : Steve Mason
Backup : Josh Tordjman
Extra Forwards
Normal : Evgeny Dadonov, Richard Park, Jeff Tambellini - PP : Jeff Friesen, Cal O'Reilly - PK : Andy Miele
Extra Defensemen
Normal : Alexei Zhitnik, Ryan Mcdonagh, Josef Melichar - PP : Phil Oreskovic - PK : Phil Oreskovic, Jordie Benn
Penalty Shots
Matt Cullen, Jeff Tambellini, Andy Miele, Jeff Friesen, Evgeny Dadonov
% Time on Ice - River Rats
Lines # - Real PCT - Wanted PCT - Time Play
Normal Forward
1 - 37% - 40% - 18:59
2 - 28% - 30% - 14:25
3 - 22% - 20% - 11:26
4 - 13% - 10% - 6:39
Normal Defense
1 - 43% - 40% - 22:06
2 - 31% - 30% - 15:43
3 - 19% - 20% - 9:52
4 - 7% - 10% - 3:48
PP Forward
1 - 54% - 60% - 0:19
2 - 46% - 40% - 0:16
PP Defense
1 - 71% - 60% - 0:25
2 - 29% - 40% - 0:10
PK Forward
1 - 74% - 60% - 2:56
2 - 26% - 40% - 1:02
PK Defense
1 - 63% - 60% - 2:30
2 - 37% - 40% - 1:28
PK3 Forward
1 - 0% - 60%
2 - 0% - 40%
PK3 Defense
1 - 0% - 60%
2 - 0% - 40%
44 Forward
1 - 75% - 60% - 6:44
2 - 25% - 40% - 2:14
44 Defense
1 - 77% - 60% - 6:56
2 - 23% - 40% - 2:02
Last Minute Offensive - 0:00
Last Minute Defensive - 0:00
Total
Forward - 65:00
Defense - 65:00
|
% Time on Ice - Carnivores
Lines # - Real PCT - Wanted PCT - Time Play
Normal Forward
1 - 35% - 40% - 18:03
2 - 28% - 30% - 14:14
3 - 23% - 20% - 11:44
4 - 15% - 10% - 7:28
Normal Defense
1 - 41% - 40% - 21:21
2 - 30% - 30% - 15:25
3 - 22% - 20% - 11:29
4 - 6% - 10% - 3:14
PP Forward
1 - 55% - 60% - 2:10
2 - 45% - 40% - 1:48
PP Defense
1 - 53% - 60% - 2:07
2 - 47% - 40% - 1:51
PK Forward
1 - 51% - 50% - 0:18
2 - 49% - 50% - 0:17
PK Defense
1 - 100% - 50% - 0:35
2 - 0% - 50% - 0:00
PK3 Forward
1 - 0% - 50%
2 - 0% - 50%
PK3 Defense
1 - 0% - 50%
2 - 0% - 50%
44 Forward
1 - 51% - 50% - 4:37
2 - 49% - 50% - 4:21
44 Defense
1 - 52% - 50% - 4:38
2 - 48% - 50% - 4:20
Last Minute Offensive - 0:00
Last Minute Defensive - 0:00
Total
Forward - 65:00
Defense - 65:00
|
Play by Play
1st period
0:01 of 1st period - Matt Cullen wins face-off versus Lee Stempniak in neutral zone.
0:04 of 1st period - Snap shot by Matt Cullen.
0:04 of 1st period - Stopped by Barry Brust with a rebound.
0:06 of 1st period - Snap shot by Jeff Tambellini.
0:06 of 1st period - Shot Blocked by Martin Grenier.
0:08 of 1st period - Slapshot by Ryan Mcdonagh.
0:08 of 1st period - Shot Blocked by Martin Grenier.
0:48 of 1st period - Wrist shot by Jonathan Ericsson.
0:48 of 1st period - Shot Blocked by Ryan Mcdonagh.
1:11 of 1st period - Cal O'Reilly is hit by Josh Meyers and loses puck.
1:38 of 1st period - Snap shot by Dustin Boyd.
1:38 of 1st period - Shot Blocked by David Van Der Gulik.
1:54 of 1st period - Alexei Zhitnik is hit by Brett Maclean and loses puck.
2:17 of 1st period - Wrist shot by Jeff Friesen.
2:17 of 1st period - Shot Hit the Post.
2:19 of 1st period - Snap shot by Jordie Benn.
2:19 of 1st period - Deflect By Jeff Friesen.
2:19 of 1st period - Stopped by Barry Brust with a rebound.
2:21 of 1st period - Slapshot by Alexei Zhitnik.
2:21 of 1st period - Shot Misses the Net.
4:27 of 1st period - Snap shot by Mikael Renberg.
4:27 of 1st period - Shot Misses the Net.
5:30 of 1st period - Off-side.
5:31 of 1st period - Mikael Backlund wins face-off versus Jesse Joensuu in neutral zone.
5:53 of 1st period - Icing by Alexei Zhitnik.
5:54 of 1st period - Mikael Backlund wins face-off versus Dustin Boyd in Carnivores zone.
6:03 of 1st period - Lee Stempniak is hit by Alexei Zhitnik.
6:20 of 1st period - Manny Malhotra is hit by Brett Maclean and loses puck.
6:51 of 1st period - Slapshot by Andrej Meszaros.
6:51 of 1st period - Shot Misses the Net.
6:53 of 1st period - Slapshot by Martin Grenier.
6:53 of 1st period - Stopped by Steve Mason with a rebound.
6:55 of 1st period - Slapshot by Andrej Meszaros.
6:55 of 1st period - Deflect By Alexei Zhitnik.
6:55 of 1st period - Stopped by Steve Mason with a rebound.
7:26 of 1st period - Ryan Mcdonagh is hit by Dustin Boyd and loses puck.
7:31 of 1st period - Snap shot by Dustin Boyd.
7:31 of 1st period - Stopped by Steve Mason with a rebound.
7:37 of 1st period - Cal O'Reilly is hit by Chris Mcallister and loses puck.
8:04 of 1st period - Jonathan Ericsson is hit by Blake Geoffrion.
8:20 of 1st period - Wrist shot by Trent Hunter.
8:20 of 1st period - Stopped by Steve Mason with a rebound.
8:22 of 1st period - Wrist shot by Jesse Joensuu.
8:22 of 1st period - Stopped by Steve Mason without a rebound.
8:23 of 1st period - Dustin Boyd wins face-off versus Mikael Backlund in Carnivores zone.
8:30 of 1st period - Wrist shot by Dustin Boyd.
8:30 of 1st period - Deflect By Chris Mcallister.
8:30 of 1st period - Shot Misses the Net.
8:30 of 1st period - Puck is out of play.
8:31 of 1st period - Mikael Backlund wins face-off versus Dustin Boyd in Carnivores zone.
8:53 of 1st period - Icing by Evgeny Dadonov.
8:54 of 1st period - Tyler Bozak wins face-off versus Mikael Backlund in Carnivores zone.
8:59 of 1st period - Wrist shot by Tyler Bozak.
8:59 of 1st period - Shot Blocked by Josef Melichar.
9:01 of 1st period - Slapshot by Bryan Rodney.
9:01 of 1st period - Stopped by Steve Mason with a rebound.
9:03 of 1st period - Backhand shot by Brett Maclean.
9:03 of 1st period - Shot Blocked by Phil Oreskovic.
9:05 of 1st period - Snap shot by Mikael Renberg.
9:05 of 1st period - Stopped by Steve Mason with a rebound.
9:15 of 1st period - Wrist shot by Mikael Backlund.
9:15 of 1st period - Shot Misses the Net.
9:31 of 1st period - Wrist shot by Evgeny Dadonov.
9:31 of 1st period - Shot Misses the Net.
10:12 of 1st period - Jay Beagle is hit by Ryan Mcdonagh and loses puck.
10:32 of 1st period - Tyler Bozak is hit by Alexei Zhitnik and loses puck.
11:26 of 1st period - Wrist shot by Martin Grenier.
11:26 of 1st period - Shot Misses the Net.
11:28 of 1st period - Slapshot by Martin Grenier.
11:28 of 1st period - Deflect By Jay Beagle.
11:28 of 1st period - Shot Misses the Net.
11:28 of 1st period - Puck is out of play.
11:29 of 1st period - Dustin Boyd wins face-off versus Manny Malhotra in Carnivores zone.
12:05 of 1st period - Off-side.
12:06 of 1st period - Mikael Backlund wins face-off versus Dustin Boyd in neutral zone.
12:21 of 1st period - Slapshot by Dustin Boyd.
12:21 of 1st period - Stopped by Steve Mason with a rebound.
12:33 of 1st period - Mikael Renberg is hit by Keith Aulie and loses puck.
13:09 of 1st period - Richard Park is hit by Bryan Bickell and loses puck.
13:32 of 1st period - Wrist shot by Evgeny Dadonov.
13:32 of 1st period - Stopped by Barry Brust without a rebound.
13:33 of 1st period - Matt Cullen wins face-off versus Dustin Boyd in River Rats zone.
13:38 of 1st period - Wrist shot by Matt Cullen.
13:38 of 1st period - Stopped by Barry Brust with a rebound.
14:21 of 1st period - Ryan Mcdonagh is hit by Trent Hunter and loses puck.
14:26 of 1st period - Wrist shot by Trent Hunter.
14:26 of 1st period - Deflect By Benn Ferriero.
14:26 of 1st period - Shot Misses the Net.
14:26 of 1st period - Puck is out of play.
14:27 of 1st period - Dustin Boyd wins face-off versus Matt Cullen in Carnivores zone.
14:28 of 1st period - Snap shot by Lee Stempniak.
14:28 of 1st period - Goal by Lee Stempniak - River Rats : 1 - Carnivores : 0.
14:29 of 1st period - Matt Cullen wins face-off versus Dustin Boyd in neutral zone.
15:02 of 1st period - Slapshot by Alexei Zhitnik.
15:02 of 1st period - Shot Blocked by Mikael Renberg.
15:04 of 1st period - Slapshot by Jeff Friesen.
15:04 of 1st period - Shot Misses the Net.
15:06 of 1st period - Wrist shot by Evgeny Dadonov.
15:06 of 1st period - Shot Misses the Net.
15:08 of 1st period - Wrist shot by Evgeny Dadonov.
15:08 of 1st period - Shot Misses the Net.
15:18 of 1st period - Richard Park is hit by Jonathan Ericsson and loses puck.
15:49 of 1st period - Wrist shot by Bryan Bickell.
15:49 of 1st period - Deflect By Kyle Chipchura.
15:49 of 1st period - Stopped by Steve Mason without a rebound.
15:50 of 1st period - Matt Cullen wins face-off versus Dustin Boyd in Carnivores zone.
15:50 of 1st period - Matt Cullen is hit by Lee Stempniak.
15:58 of 1st period - Alexei Zhitnik is hit by Dustin Boyd and loses puck.
16:05 of 1st period - Slapshot by Lee Stempniak.
16:05 of 1st period - Stopped by Steve Mason with a rebound.
16:40 of 1st period - Minor Penalty to Josh Meyers for Interference.
16:41 of 1st period - Matt Cullen wins face-off versus Kyle Chipchura in River Rats zone.
16:44 of 1st period - Snap shot by Andy Miele.
16:44 of 1st period - Shot Blocked by Niklas Hjalmarsson.
17:32 of 1st period - Chris Mcallister is hit by Andy Miele and loses puck.
18:27 of 1st period - Mikael Renberg is hit by Jeff Tambellini and loses puck.
18:40 of 1st period - Penalty to Josh Meyers is over, Josh Meyers is back on ice.
19:15 of 1st period - Slapshot by Chris Mcallister.
19:15 of 1st period - Deflect By Dustin Boyd.
19:15 of 1st period - Shot Misses the Net.
19:15 of 1st period - Puck is out of play.
19:16 of 1st period - Manny Malhotra wins face-off versus Benn Ferriero in Carnivores zone.
19:16 of 1st period - Manny Malhotra is hit by Andrej Meszaros.
2nd period
0:01 of 2nd period - Dustin Boyd wins face-off versus Matt Cullen in neutral zone.
0:52 of 2nd period - Minor Penalty to Benn Ferriero for Hooking.
0:53 of 2nd period - Kyle Chipchura wins face-off versus Matt Cullen in River Rats zone.
1:45 of 2nd period - Blake Geoffrion is hit by Lee Stempniak and loses puck.
2:52 of 2nd period - Penalty to Benn Ferriero is over, Benn Ferriero is back on ice.
3:00 of 2nd period - Wrist shot by Tim Conboy.
3:00 of 2nd period - Stopped by Barry Brust without a rebound.
3:01 of 2nd period - Cal O'Reilly wins face-off versus Benn Ferriero in River Rats zone.
3:24 of 2nd period - Slapshot by Trent Hunter.
3:24 of 2nd period - Stopped by Steve Mason without a rebound.
3:25 of 2nd period - Dustin Boyd wins face-off versus Matt Cullen in Carnivores zone.
4:12 of 2nd period - Snap shot by Manny Malhotra.
4:12 of 2nd period - Shot Misses the Net.
4:29 of 2nd period - Slapshot by Bryan Bickell.
4:29 of 2nd period - Shot Misses the Net.
4:33 of 2nd period - Snap shot by Bryan Bickell.
4:33 of 2nd period - Shot Blocked by David Van Der Gulik.
4:35 of 2nd period - Snap shot by Jay Beagle.
4:35 of 2nd period - Shot Misses the Net.
4:37 of 2nd period - Slapshot by Jay Beagle.
4:37 of 2nd period - Stopped by Steve Mason with a rebound.
4:39 of 2nd period - Wrist shot by Kyle Chipchura.
4:39 of 2nd period - Stopped by Steve Mason with a rebound.
4:55 of 2nd period - Snap shot by Dustin Boyd.
4:55 of 2nd period - Shot Blocked by Matt Cullen.
4:57 of 2nd period - Wrist shot by Lee Stempniak.
4:57 of 2nd period - Goal by Lee Stempniak - River Rats : 2 - Carnivores : 0.
4:58 of 2nd period - Dustin Boyd wins face-off versus Matt Cullen in neutral zone.
5:06 of 2nd period - Slapshot by Lee Stempniak.
5:06 of 2nd period - Stopped by Steve Mason without a rebound.
5:07 of 2nd period - Dustin Boyd wins face-off versus Matt Cullen in Carnivores zone.
5:23 of 2nd period - Snap shot by Dustin Boyd.
5:23 of 2nd period - Shot Misses the Net.
5:43 of 2nd period - Snap shot by Dustin Boyd.
5:43 of 2nd period - Stopped by Steve Mason without a rebound.
5:44 of 2nd period - Mikael Backlund wins face-off versus Tyler Bozak in Carnivores zone.
5:44 of 2nd period - Mikael Backlund is hit by Mikael Renberg.
5:47 of 2nd period - Icing by Jeff Friesen.
5:48 of 2nd period - Mikael Backlund wins face-off versus Tyler Bozak in Carnivores zone.
5:48 of 2nd period - Mikael Backlund is hit by Mikael Renberg.
5:55 of 2nd period - Off-side.
5:56 of 2nd period - Dustin Boyd wins face-off versus Jeff Tambellini in neutral zone.
5:59 of 2nd period - Jordie Benn is hit by Chris Mcallister and loses puck.
6:04 of 2nd period - Snap shot by Dustin Boyd.
6:04 of 2nd period - Stopped by Steve Mason with a rebound.
6:29 of 2nd period - Slapshot by Jonathan Ericsson.
6:29 of 2nd period - Shot Misses the Net.
6:31 of 2nd period - Snap shot by Tyler Bozak.
6:31 of 2nd period - Stopped by Steve Mason with a rebound.
7:26 of 2nd period - Andy Miele is hit by Bryan Bickell and loses puck.
7:49 of 2nd period - Wrist shot by Mikael Renberg.
7:49 of 2nd period - Shot Blocked by Phil Oreskovic.
8:34 of 2nd period - Wrist shot by Richard Park.
8:34 of 2nd period - Goal by Richard Park - River Rats : 2 - Carnivores : 1.
8:35 of 2nd period - Matt Cullen wins face-off versus Dustin Boyd in neutral zone.
9:15 of 2nd period - Richard Park is hit by Lee Stempniak.
10:20 of 2nd period - Wrist shot by Trent Hunter.
10:20 of 2nd period - Goal by Trent Hunter - River Rats : 3 - Carnivores : 1.
10:21 of 2nd period - Matt Cullen wins face-off versus Chris Mcallister in neutral zone.
10:32 of 2nd period - Icing by Matt Cullen.
10:33 of 2nd period - Matt Cullen wins face-off versus Dustin Boyd in Carnivores zone.
10:46 of 2nd period - Slapshot by Andy Miele.
10:46 of 2nd period - Goal by Andy Miele - River Rats : 3 - Carnivores : 2.
10:47 of 2nd period - Matt Cullen wins face-off versus Dustin Boyd in neutral zone.
10:55 of 2nd period - Backhand shot by Matt Cullen.
10:55 of 2nd period - Shot Blocked by Niklas Hjalmarsson.
10:57 of 2nd period - Wrist shot by Matt Cullen.
10:57 of 2nd period - Stopped by Barry Brust without a rebound.
10:58 of 2nd period - Dustin Boyd wins face-off versus Matt Cullen in River Rats zone.
11:25 of 2nd period - Tyler Bozak is hit by Ryan Mcdonagh and loses puck.
11:34 of 2nd period - Backhand shot by Brett Maclean.
11:34 of 2nd period - Shot Misses the Net.
11:36 of 2nd period - Backhand shot by Tyler Bozak.
11:36 of 2nd period - Shot Blocked by Ryan Mcdonagh.
11:45 of 2nd period - Off-side.
11:46 of 2nd period - Manny Malhotra wins face-off versus Benn Ferriero in neutral zone.
12:32 of 2nd period - Wrist shot by Brett Maclean.
12:32 of 2nd period - Shot Misses the Net.
12:34 of 2nd period - Backhand shot by Brett Maclean.
12:34 of 2nd period - Shot Misses the Net.
12:35 of 2nd period - Minor Penalty to Mikael Backlund for Interference.
12:35 of 2nd period - Minor Penalty to Tyler Bozak for Hooking.
12:36 of 2nd period - Bryan Bickell wins face-off versus Matt Cullen in Carnivores zone.
12:39 of 2nd period - Snap shot by Andrej Meszaros.
12:39 of 2nd period - Stopped by Steve Mason without a rebound.
12:40 of 2nd period - Bryan Bickell wins face-off versus Matt Cullen in Carnivores zone.
12:45 of 2nd period - Snap shot by Andrej Meszaros.
12:45 of 2nd period - Shot Blocked by Keith Aulie.
12:47 of 2nd period - Slapshot by Andrej Meszaros.
12:47 of 2nd period - Deflect By Lee Stempniak.
12:47 of 2nd period - Shot Misses the Net.
12:47 of 2nd period - Puck is out of play.
12:48 of 2nd period - Evgeny Dadonov wins face-off versus Bryan Bickell in Carnivores zone.
12:57 of 2nd period - Wrist shot by Andy Miele.
12:57 of 2nd period - Stopped by Barry Brust with a rebound.
13:26 of 2nd period - Brett Maclean is hit by Andy Miele and loses puck.
13:57 of 2nd period - Slapshot by Keith Aulie.
13:57 of 2nd period - Stopped by Barry Brust without a rebound.
13:58 of 2nd period - Dustin Boyd wins face-off versus Matt Cullen in River Rats zone.
14:03 of 2nd period - Wrist shot by Jonathan Ericsson.
14:03 of 2nd period - Stopped by Steve Mason without a rebound.
14:04 of 2nd period - Matt Cullen wins face-off versus Dustin Boyd in Carnivores zone.
14:17 of 2nd period - Snap shot by Matt Cullen.
14:17 of 2nd period - Shot Blocked by Andrej Meszaros.
14:35 of 2nd period - Penalty to Mikael Backlund is over, Mikael Backlund is back on ice.
14:35 of 2nd period - Penalty to Tyler Bozak is over, Tyler Bozak is back on ice.
14:43 of 2nd period - Snap shot by Dustin Boyd.
14:43 of 2nd period - Deflect By Tyler Bozak.
14:43 of 2nd period - Shot Blocked by Josef Melichar.
14:43 of 2nd period - Puck is out of play.
14:44 of 2nd period - Tyler Bozak wins face-off versus Manny Malhotra in Carnivores zone.
14:51 of 2nd period - Slapshot by Brett Maclean.
14:51 of 2nd period - Stopped by Steve Mason with a rebound.
15:48 of 2nd period - Slapshot by Mikael Renberg.
15:48 of 2nd period - Shot Misses the Net.
16:10 of 2nd period - Manny Malhotra is hit by Chris Mcallister.
16:32 of 2nd period - Slapshot by Cal O'Reilly.
16:32 of 2nd period - Deflect By David Van Der Gulik.
16:32 of 2nd period - Shot Misses the Net.
16:32 of 2nd period - Puck is out of play.
16:33 of 2nd period - Cal O'Reilly wins face-off versus Benn Ferriero in River Rats zone.
16:34 of 2nd period - Snap shot by David Van Der Gulik.
16:34 of 2nd period - Shot Misses the Net.
16:36 of 2nd period - Snap shot by Tim Conboy.
16:36 of 2nd period - Deflect By David Van Der Gulik.
16:36 of 2nd period - Stopped by Barry Brust with a rebound.
16:38 of 2nd period - Snap shot by Alexei Zhitnik.
16:38 of 2nd period - Stopped by Barry Brust with a rebound.
16:48 of 2nd period - Wrist shot by David Van Der Gulik.
16:48 of 2nd period - Stopped by Barry Brust with a rebound.
17:12 of 2nd period - Icing by Jeff Friesen.
17:13 of 2nd period - Mikael Backlund wins face-off versus Tyler Bozak in Carnivores zone.
17:18 of 2nd period - Slapshot by Alexei Zhitnik.
17:18 of 2nd period - Stopped by Barry Brust with a rebound.
17:52 of 2nd period - Jeff Tambellini is hit by Chris Mcallister and loses puck.
18:15 of 2nd period - Off-side.
18:16 of 2nd period - Mikael Backlund wins face-off versus Tyler Bozak in neutral zone.
18:19 of 2nd period - Slapshot by Josef Melichar.
18:19 of 2nd period - Shot Blocked by Martin Grenier.
18:21 of 2nd period - Wrist shot by Phil Oreskovic.
18:21 of 2nd period - Stopped by Barry Brust with a rebound.
18:23 of 2nd period - Snap shot by Jeff Friesen.
18:23 of 2nd period - Deflect By Mikael Backlund.
18:23 of 2nd period - Goal by Mikael Backlund - River Rats : 3 - Carnivores : 3.
18:24 of 2nd period - Andy Miele wins face-off versus Dustin Boyd in neutral zone.
18:27 of 2nd period - Snap shot by Jeff Tambellini.
18:27 of 2nd period - Shot Misses the Net.
18:32 of 2nd period - Off-side.
18:33 of 2nd period - Matt Cullen wins face-off versus Dustin Boyd in neutral zone.
18:57 of 2nd period - Wrist shot by Dustin Boyd.
18:57 of 2nd period - Shot Misses the Net.
18:59 of 2nd period - Slapshot by Chris Mcallister.
18:59 of 2nd period - Shot Blocked by Ryan Mcdonagh.
19:01 of 2nd period - Slapshot by Andrej Meszaros.
19:01 of 2nd period - Stopped by Steve Mason with a rebound.
19:03 of 2nd period - Slapshot by Andrej Meszaros.
19:03 of 2nd period - Shot Misses the Net.
19:05 of 2nd period - Slapshot by Andrej Meszaros.
19:05 of 2nd period - Stopped by Steve Mason without a rebound.
19:06 of 2nd period - Tyler Bozak wins face-off versus Mikael Backlund in Carnivores zone.
19:10 of 2nd period - Minor Penalty to Jordie Benn for Hooking.
19:10 of 2nd period - Minor Penalty to Jonathan Ericsson for Hooking.
19:11 of 2nd period - Lee Stempniak wins face-off versus Mikael Backlund in Carnivores zone.
19:36 of 2nd period - Andrej Meszaros is hit by Evgeny Dadonov and loses puck.
19:43 of 2nd period - Slapshot by Alexei Zhitnik.
19:43 of 2nd period - Stopped by Barry Brust with a rebound.
3rd period
0:01 of 3rd period - Mikael Backlund wins face-off versus Tyler Bozak in neutral zone.
0:04 of 3rd period - Martin Grenier is hit by Andy Miele and loses puck.
0:35 of 3rd period - Snap shot by Evgeny Dadonov.
0:35 of 3rd period - Stopped by Barry Brust with a rebound.
0:37 of 3rd period - Wrist shot by Matt Cullen.
0:37 of 3rd period - Stopped by Barry Brust with a rebound.
0:50 of 3rd period - Icing by Alexei Zhitnik.
0:51 of 3rd period - Lee Stempniak wins face-off versus Mikael Backlund in Carnivores zone.
1:10 of 3rd period - Penalty to Jordie Benn is over, Jordie Benn is back on ice.
1:10 of 3rd period - Penalty to Jonathan Ericsson is over, Jonathan Ericsson is back on ice.
1:11 of 3rd period - Icing by Bryan Rodney.
1:12 of 3rd period - Dustin Boyd wins face-off versus Matt Cullen in River Rats zone.
1:12 of 3rd period - Dustin Boyd is hit by Andy Miele.
1:33 of 3rd period - Wrist shot by Dustin Boyd.
1:33 of 3rd period - Deflect By Matt Cullen.
1:33 of 3rd period - Stopped by Steve Mason with a rebound.
1:35 of 3rd period - Snap shot by Jonathan Ericsson.
1:35 of 3rd period - Deflect By Dustin Boyd.
1:35 of 3rd period - Shot Misses the Net.
1:35 of 3rd period - Puck is out of play.
1:36 of 3rd period - Tyler Bozak wins face-off versus Mikael Backlund in Carnivores zone.
1:42 of 3rd period - Snap shot by Mikael Renberg.
1:42 of 3rd period - Goal by Mikael Renberg - River Rats : 4 - Carnivores : 3.
1:43 of 3rd period - Matt Cullen wins face-off versus Dustin Boyd in neutral zone.
2:08 of 3rd period - Evgeny Dadonov is hit by Martin Grenier.
2:14 of 3rd period - Snap shot by Tyler Bozak.
2:14 of 3rd period - Stopped by Steve Mason with a rebound.
2:16 of 3rd period - Snap shot by Mikael Renberg.
2:16 of 3rd period - Shot Blocked by Keith Aulie.
2:18 of 3rd period - Slapshot by Mikael Renberg.
2:18 of 3rd period - Goal by Mikael Renberg - River Rats : 5 - Carnivores : 3.
2:19 of 3rd period - Dustin Boyd wins face-off versus Andy Miele in neutral zone.
2:30 of 3rd period - Snap shot by Dustin Boyd.
2:30 of 3rd period - Shot Misses the Net.
3:35 of 3rd period - Wrist shot by Martin Grenier.
3:35 of 3rd period - Deflect By Dustin Boyd.
3:35 of 3rd period - Stopped by Steve Mason with a rebound.
3:53 of 3rd period - Wrist shot by Andy Miele.
3:53 of 3rd period - Stopped by Barry Brust with a rebound.
3:55 of 3rd period - Slapshot by Andy Miele.
3:55 of 3rd period - Stopped by Barry Brust without a rebound.
3:56 of 3rd period - Kyle Chipchura wins face-off versus Jeff Tambellini in River Rats zone.
4:02 of 3rd period - Off-side.
4:03 of 3rd period - Dustin Boyd wins face-off versus Matt Cullen in neutral zone.
4:06 of 3rd period - Snap shot by Dustin Boyd.
4:06 of 3rd period - Shot Misses the Net.
4:08 of 3rd period - Slapshot by Niklas Hjalmarsson.
4:08 of 3rd period - Shot Blocked by Ryan Mcdonagh.
4:10 of 3rd period - Snap shot by Dustin Boyd.
4:10 of 3rd period - Stopped by Steve Mason with a rebound.
4:12 of 3rd period - Snap shot by Dustin Boyd.
4:12 of 3rd period - Shot Blocked by Ryan Mcdonagh.
4:14 of 3rd period - Snap shot by Dustin Boyd.
4:14 of 3rd period - Deflect By Lee Stempniak.
4:14 of 3rd period - Shot Misses the Net.
4:14 of 3rd period - Puck is out of play.
4:15 of 3rd period - Matt Cullen wins face-off versus Dustin Boyd in Carnivores zone.
5:08 of 3rd period - Slapshot by Ryan Mcdonagh.
5:08 of 3rd period - Stopped by Barry Brust with a rebound.
5:26 of 3rd period - Richard Park is hit by Trent Hunter and loses puck.
5:47 of 3rd period - Snap shot by Dustin Boyd.
5:47 of 3rd period - Stopped by Steve Mason without a rebound.
5:48 of 3rd period - Tim Conboy wins face-off versus Dustin Boyd in Carnivores zone.
6:04 of 3rd period - Lee Stempniak is hit by David Van Der Gulik and loses puck.
6:32 of 3rd period - Slapshot by Chris Mcallister.
6:32 of 3rd period - Shot Misses the Net.
6:34 of 3rd period - Wrist shot by Lee Stempniak.
6:34 of 3rd period - Stopped by Steve Mason with a rebound.
6:36 of 3rd period - Slapshot by Andrej Meszaros.
6:36 of 3rd period - Stopped by Steve Mason without a rebound.
6:37 of 3rd period - Tyler Bozak wins face-off versus Matt Cullen in Carnivores zone.
7:02 of 3rd period - Alexei Zhitnik is hit by Jesse Joensuu and loses puck.
7:15 of 3rd period - Wrist shot by Benn Ferriero.
7:15 of 3rd period - Shot Blocked by Jordie Benn.
7:33 of 3rd period - Snap shot by Jeff Friesen.
7:33 of 3rd period - Shot Blocked by Andrej Meszaros.
7:35 of 3rd period - Wrist shot by Jeff Friesen.
7:35 of 3rd period - Stopped by Barry Brust with a rebound.
7:37 of 3rd period - Slapshot by Alexei Zhitnik.
7:37 of 3rd period - Shot Blocked by Kyle Chipchura.
8:17 of 3rd period - Off-side.
8:18 of 3rd period - Matt Cullen wins face-off versus Dustin Boyd in neutral zone.
8:35 of 3rd period - Snap shot by Lee Stempniak.
8:35 of 3rd period - Shot Misses the Net.
8:51 of 3rd period - Snap shot by Richard Park.
8:51 of 3rd period - Stopped by Barry Brust with a rebound.
8:54 of 3rd period - Icing by Niklas Hjalmarsson.
8:55 of 3rd period - Manny Malhotra wins face-off versus Tyler Bozak in River Rats zone.
8:58 of 3rd period - Snap shot by Blake Geoffrion.
8:58 of 3rd period - Goal by Blake Geoffrion - River Rats : 5 - Carnivores : 4.
8:59 of 3rd period - Dustin Boyd wins face-off versus Matt Cullen in neutral zone.
9:15 of 3rd period - Snap shot by Lee Stempniak.
9:15 of 3rd period - Shot Misses the Net.
9:25 of 3rd period - Jonathan Ericsson is hit by Richard Park and loses puck.
9:32 of 3rd period - Blake Geoffrion is hit by Mikael Renberg and loses puck.
10:27 of 3rd period - Lee Stempniak is hit by Jeff Tambellini and loses puck.
10:38 of 3rd period - Wrist shot by Andy Miele.
10:38 of 3rd period - Stopped by Barry Brust with a rebound.
11:11 of 3rd period - Off-side.
11:12 of 3rd period - Mikael Backlund wins face-off versus Benn Ferriero in neutral zone.
11:25 of 3rd period - Wrist shot by Jeff Friesen.
11:25 of 3rd period - Shot Blocked by Josh Meyers.
11:27 of 3rd period - Wrist shot by Mikael Backlund.
11:27 of 3rd period - Deflect By Jeff Friesen.
11:27 of 3rd period - Deflect By Bryan Rodney.
11:27 of 3rd period - Stopped by Barry Brust with a rebound.
12:04 of 3rd period - Slapshot by Manny Malhotra.
12:04 of 3rd period - Goal by Manny Malhotra - River Rats : 5 - Carnivores : 5.
12:05 of 3rd period - Matt Cullen wins face-off versus Dustin Boyd in neutral zone.
12:12 of 3rd period - Wrist shot by Matt Cullen.
12:12 of 3rd period - Goal by Matt Cullen - River Rats : 5 - Carnivores : 6.
12:13 of 3rd period - Dustin Boyd wins face-off versus Matt Cullen in neutral zone.
12:27 of 3rd period - Slapshot by Matt Cullen.
12:27 of 3rd period - Deflect By Andy Miele.
12:27 of 3rd period - Stopped by Barry Brust without a rebound.
12:28 of 3rd period - Tyler Bozak wins face-off versus Mikael Backlund in River Rats zone.
12:32 of 3rd period - Off-side.
12:33 of 3rd period - Tyler Bozak wins face-off versus Mikael Backlund in neutral zone.
13:03 of 3rd period - Icing by Ryan Mcdonagh.
13:04 of 3rd period - Dustin Boyd wins face-off versus Matt Cullen in Carnivores zone.
13:05 of 3rd period - Slapshot by Lee Stempniak.
13:05 of 3rd period - Shot Misses the Net.
13:07 of 3rd period - Slapshot by Bryan Rodney.
13:07 of 3rd period - Stopped by Steve Mason with a rebound.
14:08 of 3rd period - Jeff Friesen is hit by Benn Ferriero and loses puck.
14:18 of 3rd period - Off-side.
14:19 of 3rd period - Matt Cullen wins face-off versus Kyle Chipchura in neutral zone.
14:22 of 3rd period - Snap shot by Matt Cullen.
14:22 of 3rd period - Shot Misses the Net.
14:45 of 3rd period - Ryan Mcdonagh is hit by Chris Mcallister and loses puck.
15:01 of 3rd period - Minor Penalty to Alexei Zhitnik for Interference.
15:02 of 3rd period - Matt Cullen wins face-off versus Dustin Boyd in Carnivores zone.
15:36 of 3rd period - Slapshot by Martin Grenier.
15:36 of 3rd period - Goal by Martin Grenier - River Rats : 6 - Carnivores : 6.
15:37 of 3rd period - Manny Malhotra wins face-off versus Benn Ferriero in neutral zone.
15:40 of 3rd period - Benn Ferriero is hit by Blake Geoffrion and loses puck.
16:08 of 3rd period - Wrist shot by Jay Beagle.
16:08 of 3rd period - Stopped by Steve Mason without a rebound.
16:09 of 3rd period - Bryan Bickell wins face-off versus Matt Cullen in Carnivores zone.
16:24 of 3rd period - Backhand shot by Bryan Bickell.
16:24 of 3rd period - Stopped by Steve Mason without a rebound.
16:25 of 3rd period - Manny Malhotra wins face-off versus Benn Ferriero in Carnivores zone.
16:25 of 3rd period - Manny Malhotra is hit by Jonathan Ericsson.
16:58 of 3rd period - Wrist shot by Jeff Tambellini.
16:58 of 3rd period - Stopped by Barry Brust without a rebound.
16:59 of 3rd period - Dustin Boyd wins face-off versus Matt Cullen in River Rats zone.
17:24 of 3rd period - Alexei Zhitnik is hit by Martin Grenier and loses puck.
17:33 of 3rd period - Bryan Bickell is hit by Manny Malhotra.
17:53 of 3rd period - Slapshot by Evgeny Dadonov.
17:53 of 3rd period - Stopped by Barry Brust with a rebound.
17:55 of 3rd period - Slapshot by Evgeny Dadonov.
17:55 of 3rd period - Deflect By Jeff Friesen.
17:55 of 3rd period - Stopped by Barry Brust without a rebound.
17:56 of 3rd period - Dustin Boyd wins face-off versus Matt Cullen in River Rats zone.
18:23 of 3rd period - Richard Park is hit by Jonathan Ericsson and loses puck.
18:46 of 3rd period - Wrist shot by Bryan Bickell.
18:46 of 3rd period - Shot Misses the Net.
18:48 of 3rd period - Wrist shot by Jay Beagle.
18:48 of 3rd period - Stopped by Steve Mason with a rebound.
18:50 of 3rd period - Slapshot by Bryan Bickell.
18:50 of 3rd period - Shot Blocked by Jordie Benn.
18:52 of 3rd period - Slapshot by Josh Meyers.
18:52 of 3rd period - Stopped by Steve Mason without a rebound.
18:53 of 3rd period - Manny Malhotra wins face-off versus Kyle Chipchura in Carnivores zone.
19:02 of 3rd period - Snap shot by Manny Malhotra.
19:02 of 3rd period - Shot Misses the Net.
19:08 of 3rd period - Slapshot by Andrej Meszaros.
19:08 of 3rd period - Deflect By Jay Beagle.
19:08 of 3rd period - Shot Misses the Net.
19:08 of 3rd period - Puck is out of play.
19:09 of 3rd period - Matt Cullen wins face-off versus Benn Ferriero in Carnivores zone.
19:18 of 3rd period - Wrist shot by Jeff Tambellini.
19:18 of 3rd period - Stopped by Barry Brust with a rebound.
19:20 of 3rd period - Snap shot by Ryan Mcdonagh.
19:20 of 3rd period - Shot Misses the Net.
19:22 of 3rd period - Slapshot by Matt Cullen.
19:22 of 3rd period - Deflect By Jeff Tambellini.
19:22 of 3rd period - Stopped by Barry Brust without a rebound.
19:23 of 3rd period - Tyler Bozak wins face-off versus Manny Malhotra in River Rats zone.
19:23 of 3rd period - Tyler Bozak is hit by Keith Aulie.
19:29 of 3rd period - Wrist shot by Manny Malhotra.
19:29 of 3rd period - Stopped by Barry Brust with a rebound.
19:57 of 3rd period - Slapshot by Evgeny Dadonov.
19:57 of 3rd period - Stopped by Barry Brust with a rebound.
Overtime #1
0:01 of 1st overtime period - Mikael Backlund wins face-off versus Tyler Bozak in neutral zone.
0:10 of 1st overtime period - Slapshot by Andrej Meszaros.
0:10 of 1st overtime period - Deflect By Mikael Backlund.
0:10 of 1st overtime period - Stopped by Steve Mason with a rebound.
0:40 of 1st overtime period - Slapshot by Dustin Boyd.
0:40 of 1st overtime period - Shot Misses the Net.
0:42 of 1st overtime period - Wrist shot by Chris Mcallister.
0:42 of 1st overtime period - Shot Misses the Net.
1:10 of 1st overtime period - Slapshot by Brett Maclean.
1:10 of 1st overtime period - Shot Misses the Net.
1:12 of 1st overtime period - Snap shot by Bryan Bickell.
1:12 of 1st overtime period - Stopped by Steve Mason with a rebound.
2:28 of 1st overtime period - Jeff Tambellini is hit by Josh Meyers.
2:38 of 1st overtime period - Chris Mcallister is hit by Matt Cullen and loses puck.
3:25 of 1st overtime period - Wrist shot by Brett Maclean.
3:25 of 1st overtime period - Shot Misses the Net.
3:57 of 1st overtime period - Slapshot by Jonathan Ericsson.
3:57 of 1st overtime period - Stopped by Steve Mason with a rebound.
3:59 of 1st overtime period - Slapshot by Niklas Hjalmarsson.
3:59 of 1st overtime period - Shot Misses the Net.
4:17 of 1st overtime period - Wrist shot by Jeff Friesen.
4:17 of 1st overtime period - Deflect By Jeff Tambellini.
4:17 of 1st overtime period - Shot Misses the Net.
4:17 of 1st overtime period - Puck is out of play.
4:18 of 1st overtime period - Dustin Boyd wins face-off versus Jeff Tambellini in River Rats zone.
4:26 of 1st overtime period - Icing by Jonathan Ericsson.
4:27 of 1st overtime period - Mikael Backlund wins face-off versus Dustin Boyd in River Rats zone.
4:40 of 1st overtime period - Snap shot by Andy Miele.
4:40 of 1st overtime period - Shot Blocked by Jonathan Ericsson.
ShootOut
5:00 of 1st overtime period - Penalty Shot by Lee Stempniak for River Rats.
5:00 of 1st overtime period - Backhand shot by Lee Stempniak.
5:00 of 1st overtime period - Stopped by Steve Mason.
5:00 of 1st overtime period - Penalty Shot by Matt Cullen for Carnivores.
5:00 of 1st overtime period - Deke by Matt Cullen.
5:00 of 1st overtime period - Stopped by Barry Brust.
5:00 of 1st overtime period - Penalty Shot by Mikael Renberg for River Rats.
5:00 of 1st overtime period - Deke by Mikael Renberg.
5:00 of 1st overtime period - Stopped by Steve Mason.
5:00 of 1st overtime period - Penalty Shot by Jeff Tambellini for Carnivores.
5:00 of 1st overtime period - Wrist shot by Jeff Tambellini.
5:00 of 1st overtime period - Goal by Jeff Tambellini.
5:00 of 1st overtime period - Penalty Shot by Dustin Boyd for River Rats.
5:00 of 1st overtime period - Wrist shot by Dustin Boyd.
5:00 of 1st overtime period - Shot Misses the Net.
Output by the SimonT Hockey Simulator (STHS) for François Prévost -- Original Page W3C XHTML 1.0 Valid